Map: Newkirk Precinct TE (Void)

Players

Paramount - Winner!

  • Race: Zerg Zerg
  • League: Diamond
  • Spawn Location: 5:00

Musumeci

  • Race: Zerg Zerg
  • League: Diamond
  • Spawn Location: 7:00

VOD

Have the link to the VOD?

Description

Time

  • Played on: Jan. 9, 2017, 8:07 a.m.
  • Length: 13:27
Show
View Real Time Build Order
Export as new Build Order

Paramount Zerg - Winner!

Build Orders: Pool First 

Get SALT Encoding   

  12  0:18  Spawning Pool  
  11  0:22  Drone  
  11  0:27  Drone  
  13  0:30  Drone  
  14  0:40  Overlord  
  14  1:05  Zergling x4  
  14  1:06  Zergling x2  
  17  1:18  Hatchery  
  17  1:20  Zergling x2  
  17  1:28  Zergling x2  
  18  1:36  Queen  
  20  1:47  Drone  
  20  1:54  Overlord  
  20  2:12  Drone x2  
  20  2:13  Queen  
  24  2:21  Drone  
  24  2:32  Drone  
  24  2:33  Queen  
  24  2:34  Drone  
  28  2:45  Drone x4  
  28  2:47  Drone  
  33  3:01  Drone x2  
  35  3:06  Overlord  
  35  3:22  Spine Crawler  
  34  3:32  Drone x7, Evolution Chamber  
  40  3:34  Evolution Chamber  
  39  3:43  Drone x4  
  43  3:51  Evolution Chamber  
  43  3:55  Drone  
  43  3:58  Extractor x2  
  41  4:09  Zergling x4  
  43  4:30  Overlord x3  
  43  4:34  Extractor  
  42  4:50  Drone x7  
  42  4:52  Drone, Lair  
  50  4:53  Overlord x2  
  50  5:04  Drone x5  
  50  5:05  Extractor  
  54  5:28  Overlord x4  
  54  5:38  Metabolic Boost  
  54  5:39  Zergling x6  
  54  5:40  Zergling x6  
  60  5:50  Hatchery  
  60  5:56  Zergling x8  
  60  5:57  Zergling x2  
  60  6:03  Extractor  
  60  6:07  Hatchery  
  60  6:16  Spire  
  53  6:33  Hatchery  
  53  6:38  Drone x4  
  56  6:40  Baneling Nest  
  56  6:44  Zergling x2  
  56  6:45  Zergling x8  
  58  6:57  Overlord x2  
  58  7:17  Hatchery  
  57  7:28  Mutalisk x9  
  75  7:43  Mutalisk x2  
  79  7:49  Mutalisk x3  
  82  8:02  Mutalisk  
  84  8:06  Drone x5  
  84  8:08  Evolution Chamber, Roach Warren  
  84  8:12  Baneling x2  
  87  8:13  Baneling x3  
  87  8:23  Zergling x14  
  94  8:36  Mutalisk x2  
  97  8:45  Baneling  
  97  8:46  Baneling x3  
  97  8:47  Zergling x10  
  97  8:48  Zergling x4  
  103  8:59  Spine Crawler  
  103  9:01  Spine Crawler x4  
  93  9:03  Spine Crawler x4, Zergling x8  
  93  9:06  Spine Crawler  
  86  9:11  Zergling x2  
  87  9:23  Zergling x2  
  87  9:24  Zergling x4  
  89  9:42  Baneling x2  
  89  9:45  Spine Crawler  
  87  9:46  Spine Crawler  
  87  9:47  Spine Crawler  
  87  9:51  Spine Crawler  
  87  9:52  Spine Crawler  
  75  10:15  Drone x15  
  75  10:16  Drone x3  
  86  10:28  Overseer  
  78  10:37  Roach x3  
  84  10:45  Drone x3  
  84  10:48  Extractor  
  86  10:50  Extractor  
  85  11:13  Drone  
  85  11:14  Drone x14  
  100  11:34  Spire  
  100  11:39  Roach x5  
  113  11:40  Roach x2  
  113  11:52  Roach x4  
  121  11:55  Overlord x2  
  119  12:25  Roach x9  
  135  12:40  Roach x2  
  135  12:56  Roach  
  137  12:59  Overlord x2  
Show
View Real Time Build Order
Export as new Build Order

Musumeci Zerg 

Build Orders: Pool First 

Get SALT Encoding   

  12  0:00  Drone  
  13  0:09  Drone  
  14  0:18  Overlord  
  14  0:25  Extractor  
  14  0:26  Drone  
  15  0:37  Drone x2  
  17  0:44  Drone  
  18  0:53  Spawning Pool  
  17  0:59  Extractor  
  16  1:20  Hatchery  
  15  1:39  Zergling x6  
  18  1:52  Queen  
  18  1:53  Zergling x2  
  21  2:03  Zergling x2  
  20  2:16  Zergling x2  
  20  2:45  Zergling x2  
  20  2:46  Zergling x8  
  20  2:47  Metabolic Boost  
  25  2:58  Spine Crawler, Zergling x2  
  25  2:59  Zergling x2  
  25  3:01  Overlord  
  25  3:05  Drone  
  28  3:20  Drone x4  
  31  3:29  Baneling Nest  
  30  3:39  Queen  
  32  3:55  Drone x4  
  35  4:09  Drone  
  34  4:10  Drone  
  35  4:33  Hatchery  
  33  4:43  Zergling x6  
  36  4:45  Drone  
  36  4:47  Overlord  
  36  4:48  Overlord  
  36  5:09  Baneling  
  36  5:10  Baneling, Zergling x2  
  36  5:12  Drone x6  
  43  5:19  Lair, Extractor  
  42  5:26  Extractor, Roach Warren  
  40  5:29  Drone  
  40  5:31  Drone  
  42  5:40  Drone x4  
  46  5:57  Drone x7  
  51  6:32  Roach x4  
  57  6:33  Overlord x5  
  57  6:36  Extractor  
  54  6:55  Roach  
  54  6:56  Roach x8  
  69  7:20  Evolution Chamber  
  68  7:22  Evolution Chamber  
  68  7:24  Roach  
  68  7:25  Zergling x2  
  68  7:26  Zergling x12  
  76  7:36  Evolution Chamber  
  74  7:47  Glial Reconstitution  
  74  7:50  Drone x3, Spire  
  74  7:51  Drone x5  
  81  8:12  Drone x8  
  89  8:13  Queen, Drone  
  89  8:19  Spore Crawler  
  88  8:20  Spore Crawler  
  88  8:21  Spore Crawler  
  88  8:23  Spore Crawler x2  
  88  8:24  Spore Crawler x2  
  55  8:56  Drone x9  
  63  9:18  Spawning Pool  
  62  9:34  Roach x7  
  61  10:17  Queen  
  31  10:37  Spore Crawler x2  
  29  10:45  Drone x3  
  32  10:57  Lair  
  32  11:09  Drone  
  33  11:11  Drone x2  
  33  11:13  Drone x3  
  38  11:35  Overlord x2  
  38  11:36  Overlord  
  38  12:09  Hydralisk Den  
  37  12:33  Queen  
  36  12:38  Hydralisk  
  36  12:39  Hydralisk x5  
  43  12:58  Extractor  
  43  13:05  Spawning Pool  
Tags
 
Add a new tag
Caveats
  • Supply blocks, unpowered buildings, or Contaminate may cause inaccurate times.
  • Supply counts are checked every 10 seconds.